 Dungeon Crawl Stone Soup version 0.21.1-1-g345015f (webtiles) character file.

3352 vatarom the Arsonist (level 9, -3/69 HPs)
             Began as a Demonspawn Fire Elementalist on Mar 26, 2018.
             Shot with an arrow by a centaur (4 damage)
             ... on level 7 of the Dungeon.
             The game lasted 00:16:59 (6474 turns).

vatarom the Arsonist (Demonspawn Fire Elementalist) Turns: 6474, Time: 00:17:00

Health: -3/69      AC: 16    Str:  7 (8)  XL:     9   Next: 72%
Magic:  17/17      EV: 17    Int: 20      God:
Gold:   455        SH:  0    Dex: 14      Spells: 4/19 levels left

rFire    . . .     SeeInvis .   z - +1 whip (elec)
rCold    . . .     Gourm    .   (no shield)
rNeg     . . .     Faith    .   a - +0 robe
rPois    .         Spirit   .   v - +0 hat
rElec    .         Reflect  .   r - +0 cloak
rCorr    .         Harm     .   m - +0 pair of gloves
MR       .....                  l - +2 pair of boots of Woarchati {Slay+3}
Stlth    +++.......             (no amulet)
HPRegen  0.21/turn              A - +5 ring of evasion
MPRegen  0.15/turn              (no ring)

@: sanguine armour
A: horns 1, demonic guardian 1, deterioration 1, nightstalker 1, sense
surroundings 1, sanguine armour 2
a: no special abilities


You were on level 7 of the Dungeon.
You were not hungry.

You visited 1 branch of the dungeon, and saw 7 of its levels.

You collected 455 gold pieces.

Inventory:

Hand Weapons
 z - a +1 whip of electrocution (weapon)
Armour
 a - a +0 robe (worn)
 l - the +2 pair of boots of Woarchati (worn) {Slay+3}
   (You found it on level 7 of the Dungeon)

   It affects your accuracy and damage with ranged weapons and melee attacks
   (+3).
 m - a +0 pair of gloves (worn)
 r - a +0 cloak (worn)
 v - a +0 hat (worn)
Jewellery
 A - a +5 ring of evasion (left hand)
Wands
 y - a wand of digging (11)
Scrolls
 d - 2 scrolls of remove curse
 e - 2 scrolls of immolation
 g - a scroll of noise
 h - 2 scrolls of enchant weapon
 i - 7 scrolls of identify
 k - 2 scrolls of fear
 o - a scroll of blinking
 t - a scroll of magic mapping
Potions
 f - 3 potions of agility
 j - 2 potions of heal wounds
 n - a potion of brilliance
 p - 2 potions of flight
 q - 4 potions of curing
 u - a potion of haste {unknown}
 w - a potion of magic {unknown}
 x - a potion of lignification {unknown}
Books
 b - a book of Flames

   Spells                             Type                      Level
   a - Flame Tongue                   Conjuration/Fire             1
   b - Throw Flame                    Conjuration/Fire             2
   c - Conjure Flame                  Conjuration/Fire             3
   d - Inner Flame                    Hexes/Fire                   3
   e - Sticky Flame                   Conjuration/Fire             4
   f - Fireball                       Conjuration/Fire             5
Comestibles
 c - 4 rations
 B - a chunk of flesh


   Skills:
 + Level 5.9 Fighting
 - Level 1.7 Dodging
 - Level 1.7 Stealth
 + Level 5.9 Spellcasting
 + Level 6.2 Conjurations
 * Level 8.6 Fire Magic


You had 4 spell levels left.
You knew the following spells:

 Your Spells              Type           Power        Failure   Level  Hunger
a - Flame Tongue          Conj/Fire      #####        1%          1    None
b - Throw Flame           Conj/Fire      #####.       1%          2    None
c - Conjure Flame         Conj/Fire      #####...     1%          3    ##.....
d - Sticky Flame          Conj/Fire      #####...     4%          4    ####...
e - Fireball              Conj/Fire      #####.....   14%         5    #####..


Dungeon Overview and Level Annotations

Branches:
Dungeon (7/15)
 Temple: D:4-7

Altars:
Ashenzari
Elyvilon
Kikubaaqudgha
Makhleb
Qazlal
Ru
Sif Muna
Uskayaw
Wu Jian

Shops:
D:4 [

Annotations:
D:7 Duvessa; Mirai's ghost, novice DECj


Innate Abilities, Weirdness & Mutations

You have a pair of small horns on your head.
A weak demonic guardian rushes to your aid.
You are slightly more attuned to the shadows.
When seriously injured, your bleeding wounds create thick armour. (AC +9)
Your body sometimes deteriorates upon taking damage.
You passively map a small area around you.


Message History

The centaur barely misses your white imp.
Duvessa hits your white imp with a short sword.
Your white imp gestures at Mirai's ghost.
The puff of frost hits Mirai's ghost.
Your iron imp misses Mirai's ghost.
Mirai's ghost casts a spell at you. The magic dart hits you!
Your iron imp hits Mirai's ghost but does no damage.
Mirai's ghost frowns in concentration.
Your iron imp hits the centaur.
Mirai's ghost whispers, "It is all a dream - a grotesque and foolish dream."
Mirai's ghost gestures at you while chanting.
The orb of energy hits you!
* * * LOW HITPOINT WARNING * * *
Mirai's ghost casts a spell at you. The orb of energy misses you.
The puff of frost hits Mirai's ghost.
The centaur wields a shortbow.
The centaur shoots an arrow.
The arrow misses you.
Mirai's ghost hits something.
The centaur shoots an arrow.
The arrow hits you.
You die...

#......# #.####
###..#.# #.#...
#.##.# ##....#
#.##.# #...#.. **
###.##.# #.)...#
,,....##.# #..#.##
,*
#.....#######..#.#
#.(.......<....#.#
* *,
#.@#############.#
* #.......# #.# ,
, * #.#####.# #.#
* * #.# #.# #.# ,
, #.#######.# #.#
#.# ,, #...5c..Wc#
#.########.#
..######5##.##
#......=...#
....e.5..##(#
############
..###.#####.#


You could see a centaur and Mirai's ghost.

Vanquished Creatures
  A two-headed ogre (D:7)
  Pikel (D:6)
  A gargoyle (D:6)
  Sigmund (D:5)
  A water moccasin (D:7)
  An orc warrior (D:7)
  A sky beast (D:6)
  2 phantoms
  An ogre (D:4)
  3 centaurs
  A bullfrog (D:6)
  2 scorpions
  A crimson imp (D:6)
  A jelly (D:5)
  A hound (D:2)
  A gnoll shaman (D:6)
  3 orc priests
  2 orc wizards
  Crazy Yiuf (D:2)
  2 bullfrog skeletons (D:6)
  A centaur skeleton (D:4)
  Natasha (D:2)
  5 worker ants
  A hound zombie (D:5)
  4 gnolls (D:6)
  7 adders
  An ooze (D:2)
  An adder skeleton (D:5)
  4 worms
  2 dart slugs
  A leopard gecko (D:4)
  15 orcs
  A ball python (D:2)
  3 bats
  10 giant cockroaches
  6 goblins
  2 hobgoblins (D:2)
  3 jackals
  A quokka (D:4)
  3 frilled lizards
  A giant cockroach zombie (D:5)
  4 kobolds
  A leopard gecko zombie (D:5)
  11 rats
117 creatures vanquished.

Vanquished Creatures (collateral kills)
  Eustachio (D:6)
  An ogre (D:4)
  A crimson imp (D:5)
  An orc priest (D:3)
  A jelly (D:6)
  An orc wizard (D:3)
  Natasha (twice) (D:2)
  Terence (D:2)
  An adder (D:2)
  An orc (D:3)
  2 jackals (D:4)
  A quokka (D:4)
14 creatures vanquished.

Vanquished Creatures (others)
  A slave (D:6)
  A bullfrog (D:6)
  A shadow imp (D:6)
  A worm (D:6)
  A quokka (D:6)
5 creatures vanquished.

Grand Total: 136 creatures vanquished

Notes
Turn   | Place    | Note
-------+----------+-------------------------------------------
     0 | D:1      | vatarom the Demonspawn Fire Elementalist began the quest for the Orb.
     0 | D:1      | Reached XP level 1. HP: 13/13 MP: 3/3
   453 | D:1      | Reached skill level 3 in Fire Magic
   453 | D:1      | Gained mutation: A weak demonic guardian rushes to your aid. [demonic ancestry]
   453 | D:1      | Reached XP level 2. HP: 19/19 MP: 0/5
   736 | D:1      | Learned a level 2 spell: Throw Flame
   952 | D:2      | Noticed Natasha
   958 | D:2      | Killed Natasha
   958 | D:2      | Gained mutation: You have a pair of small horns on your head. [demonic ancestry]
   958 | D:2      | Reached XP level 3. HP: 10/25 MP: 3/6
   973 | D:2      | Noticed Natasha
   978 | D:2      | Killed Natasha
   978 | D:2      | Reached skill level 1 in Fighting
  1127 | D:2      | Noticed Terence
  1128 | D:2      | Noticed Natasha
  1136 | D:2      | Killed Terence
  1136 | D:2      | Gained mutation: When seriously injured, your bleeding wounds create armour. (AC +9) [demonic ancestry]
  1136 | D:2      | Reached XP level 4. HP: 19/32 MP: 0/7
  1206 | D:2      | Killed Natasha
  1337 | D:2      | Found a sacrificial altar of Ru.
  1359 | D:2      | Learned a level 3 spell: Conjure Flame
  1377 | D:2      | Gained mutation: When seriously injured, your bleeding wounds create thick armour. (AC +9) [demonic ancestry]
  1377 | D:2      | Reached XP level 5. HP: 30/38 MP: 1/9
  1490 | D:2      | Found a runed door.
  1549 | D:2      | Reached skill level 4 in Fire Magic
  1812 | D:2      | Noticed Crazy Yiuf
  1823 | D:2      | Killed Crazy Yiuf
  2156 | D:3      | Learned a level 4 spell: Sticky Flame
  2293 | D:3      | Reached XP level 6. HP: 37/45 MP: 6/10
  2818 | D:4      | Found an ornate altar of the Wu Jian Council.
  2871 | D:4      | Reached skill level 5 in Fire Magic
  2945 | D:4      | Gained mutation: You are slightly more attuned to the shadows. [demonic ancestry]
  2945 | D:4      | Reached XP level 7. HP: 43/52 MP: 5/12
  3112 | D:4      | Found Iritut's Armour Emporium.
  3426 | D:4      | Found a shattered altar of Ashenzari.
  3564 | D:5      | Entered Level 5 of the Dungeon
  3962 | D:5      | Found a deep blue altar of Sif Muna.
  3963 | D:5      | Found a hide-covered altar of Uskayaw.
  3965 | D:5      | Found a stormy altar of Qazlal.
  3965 | D:5      | Found an ancient bone altar of Kikubaaqudgha.
  3965 | D:5      | Found a burning altar of Makhleb.
  4182 | D:5      | Found a white marble altar of Elyvilon.
  4434 | D:5      | Noticed Sigmund
  4443 | D:5      | Killed Sigmund
  4443 | D:5      | Reached skill level 6 in Fire Magic
  4443 | D:5      | Reached XP level 8. HP: 40/60 MP: 7/14
  4500 | D:5      | Learned a level 5 spell: Fireball
  4969 | D:6      | Noticed Pikel
  4986 | D:6      | Killed Pikel
  4986 | D:6      | Reached skill level 5 in Conjurations
  4986 | D:6      | Reached skill level 7 in Fire Magic
  5142 | D:6      | Reached skill level 5 in Spellcasting
  5277 | D:6      | Noticed Eustachio
  5285 | D:6      | Killed Eustachio
  5323 | D:6      | Found a hide-covered altar of Uskayaw.
  5328 | D:6      | Reached skill level 5 in Fighting
  5328 | D:6      | Reached XP level 9. HP: 68/68 MP: 14/16
  5481 | D:6      | Gained mutation: Your body sometimes deteriorates upon taking damage. [potion of mutation]
  5481 | D:6      | Gained mutation: You passively map a small area around you. [potion of mutation]
  5489 | D:6      | Noticed a gargoyle
  5495 | D:6      | Killed a gargoyle
  5797 | D:6      | Found an ornate altar of the Wu Jian Council.
  5844 | D:6      | You fall through a shaft!
  6080 | D:6      | Reached skill level 8 in Fire Magic
  6281 | D:7      | Got a pair of heavily runed boots
  6287 | D:7      | Identified the +2 pair of boots of Woarchati {Slay+3} (You found it on level 7 of the Dungeon)
  6390 | D:7      | Noticed a two-headed ogre
  6399 | D:7      | Killed a two-headed ogre
  6463 | D:7      | Noticed Mirai's ghost (novice DECj)
  6464 | D:7      | Noticed Duvessa
  6472 | D:7      | HP: 1/69 [Mirai's ghost/orb of energy (31)]
  6474 | D:7      | Shot with an arrow by a centaur

Skill      XL: |  1  2  3  4  5  6  7  8  9 |
---------------+----------------------------+-----
Fire Magic     | 3 4 5 6 7 8 |  8.6
Fighting       | 1 2 3 5 |  5.9
Conjurations   | 2 3 4 5 6 |  6.2
Spellcasting   | 3 4 5 |  5.9
Dodging        | |  1.7
Stealth        | |  1.7

Action                   |  1- 3 |  4- 6 |  7- 9 || total
-------------------------+-------+-------+-------++-------
Melee: Dagger            |    28 |    30 |    72 ||   130
       Headbutt          |       |     3 |    21 ||    24
       Whip              |       |       |    33 ||    33
 Cast: Flame Tongue      |    28 |   106 |   134 ||   268
       Throw Flame       |     1 |     1 |     3 ||     5
       Conjure Flame     |       |     1 |       ||     1
       Sticky Flame      |       |       |    10 ||    10
       Fireball          |       |       |     5 ||     5
  Use: Scroll            |     4 |     5 |     9 ||    18
       Potion            |       |     2 |     1 ||     3
 Stab: Sleeping          |     1 |       |     1 ||     2
       Distracted        |       |       |     1 ||     1
  Eat: Chunk             |     1 |     1 |     5 ||     7
       Ration            |       |     2 |     3 ||     5
Armor: Robe              |     9 |     8 |    39 ||    56
Dodge: Dodged            |    31 |    47 |   108 ||   186
